Map: Ice and Chrome LE

Players

Darkness

  • Race: Protoss Protoss
  • League: Master
  • Spawn Location: 1:00

JimRising - Winner!

  • Race: Zerg Zerg
  • League: Grandmaster
  • Spawn Location: 7:00

Event: DreamHack SC2 Masters 2020 Fall

VOD

Have the link to the VOD?

Description

Time

  • Played on: Aug. 27, 2020, 4:41 p.m.
  • Length: 24:20

All games in this series

Show
View Real Time Build Order
Export as new Build Order

Darkness Protoss 

Build Orders: 1 Gate Expand, Oracle Opening, Carriers 

Get SALT Encoding   

  12  0:00  Probe  
  13  0:12  Probe  
  14  0:17  Pylon  
  14  0:24  Probe (Chrono Boost)  
  15  0:37  Probe (Chrono Boost)  
  15  0:38  Gateway  
  16  0:45  Probe (Chrono Boost)  
  16  0:47  Assimilator  
  17  0:51  Probe  
  18  1:03  Probe  
  19  1:15  Probe  
  20  1:26  Nexus  
  20  1:35  Cybernetics Core  
  20  1:38  Probe  
  21  1:43  Assimilator  
  21  1:50  Probe  
  22  1:54  Pylon  
  22  2:02  Probe  
  23  2:09  Adept (Chrono Boost)  
  23  2:14  Probe  
  26  2:20  Stargate  
  26  2:26  Probe  
  26  2:27  Warp Gate  
  27  2:30  Adept (Chrono Boost)  
  29  2:37  Probe  
  29  2:38  Probe  
  31  2:50  Probe  
  31  2:51  Probe  
  33  2:56  Gateway  
  33  3:02  Oracle (Chrono Boost), Probe  
  33  3:03  Probe  
  38  3:14  Probe  
  38  3:15  Probe  
  38  3:16  Pylon  
  40  3:26  Probe  
  41  3:27  Probe  
  41  3:29  Oracle (Chrono Boost)  
  41  3:32  Assimilator  
  45  3:38  Probe  
  45  3:39  Probe  
  47  3:50  Probe  
  47  3:51  Probe  
  49  3:59  Oracle  
  49  4:02  Probe  
  53  4:03  Probe  
  53  4:07  Pylon  
  54  4:17  Nexus  
  54  4:20  Pylon  
  54  4:25  Probe x2  
  54  4:27  Robotics Facility, Sentry, Adept  
  60  4:37  Probe x2  
  62  4:45  Shield Battery  
  60  4:49  Probe x2 (Chrono Boost), Pylon  
  60  4:50  Assimilator  
  62  4:59  Twilight Council, Probe x2 (Chrono Boost)  
  64  5:01  Forge  
  64  5:03  Sentry x2  
  64  5:04  Probe x2 (Chrono Boost)  
  70  5:15  Gateway, Probe x2  
  72  5:28  Probe x2  
  74  5:30  Observer (Chrono Boost)  
  74  5:33  Probe  
  74  5:35  Gateway  
  76  5:37  Protoss Ground Weapons Level 1 (Chrono Boost)  
  76  5:39  Gateway  
  76  5:40  Probe x2  
  76  5:42  Blink (Chrono Boost)  
  78  5:43  Immortal (Chrono Boost)  
  78  5:45  Probe  
  83  5:52  Probe x2  
  83  5:53  Pylon  
  83  5:55  Pylon  
  86  5:57  Probe  
  83  6:04  Probe  
  83  6:07  Shield Battery x2, Stalker x2  
  88  6:14  Stalker  
  90  6:18  Immortal (Chrono Boost)  
  90  6:22  Shield Battery  
  94  6:26  Assimilator  
  94  6:28  Shield Battery  
  94  6:31  Photon Cannon  
  94  6:32  Sentry x2  
  90  6:33  Stalker  
  90  6:34  Zealot x2  
  98  6:41  Shield Battery  
  98  6:51  Probe x2  
  98  6:52  Warp Prism  
  100  6:56  Pylon  
  100  6:57  Pylon  
  94  7:01  Stalker x3  
  94  7:02  Stalker x2  
  92  7:26  Zealot x5  
  92  7:28  Immortal (Chrono Boost)  
  98  7:34  Probe  
  81  7:47  Gateway, Stalker x2  
  81  7:48  Stalker x3  
  80  8:01  Probe x2  
  74  8:10  Probe  
  69  8:13  Probe  
  69  8:17  Stalker x4  
  69  8:18  Probe  
  75  8:25  Pylon  
  75  8:30  Probe x2  
  75  8:31  Probe  
  78  8:37  Immortal (Chrono Boost)  
  78  8:39  Gateway  
  78  8:40  Sentry x4  
  90  8:42  Probe  
  90  8:43  Probe  
  92  8:52  Protoss Ground Weapons Level 2 (Chrono Boost)  
  92  8:53  Sentry  
  94  9:03  Probe  
  94  9:06  Assimilator  
  94  9:07  Zealot x4  
  94  9:09  Stalker  
  105  9:11  Warp Prism (Chrono Boost), Charge  
  105  9:16  Pylon  
  107  9:17  Pylon  
  107  9:20  Stalker  
  109  9:33  Stalker x4  
  117  9:45  Immortal (Chrono Boost)  
  121  9:49  Pylon  
  121  9:50  Pylon  
  121  10:01  Zealot x6  
  133  10:14  Observer (Chrono Boost)  
  134  10:22  Nexus  
  134  10:31  Templar Archives, Immortal  
  138  10:42  Zealot x7  
  150  10:43  Pylon  
  152  10:53  Psionic Storm, Pylon  
  152  11:04  Photon Cannon  
  152  11:05  Photon Cannon  
  152  11:06  Shield Battery  
  152  11:11  High Templar x6  
  156  11:15  Archon x2  
  156  11:16  Archon  
  162  11:21  Protoss Ground Weapons Level 3 (Chrono Boost)  
  162  11:23  Probe x2  
  162  11:25  Pylon  
  164  11:26  Pylon  
  164  11:40  Immortal (Chrono Boost)  
  164  11:46  Probe x2  
  170  11:49  Assimilator  
  170  11:51  Assimilator  
  170  11:56  High Templar x2  
  170  11:57  High Templar  
  170  11:59  Probe x2  
  170  12:00  Probe  
  170  12:01  Photon Cannon  
  179  12:03  High Templar  
  181  12:08  Gateway  
  181  12:11  Gateway  
  181  12:13  Gateway  
  181  12:23  Observer  
  182  12:31  High Templar  
  182  12:32  Zealot x5  
  182  12:34  Oracle  
  182  12:36  Gateway  
  197  12:38  Gateway  
  161  13:13  Zealot  
  161  13:14  Zealot x9  
  161  13:18  Fleet Beacon  
  181  13:20  Stargate x2  
  181  13:23  Stargate  
  181  13:25  Protoss Air Weapons Level 1  
  181  13:28  Observer (Chrono Boost)  
  156  13:55  Immortal (Chrono Boost)  
  159  13:57  Oracle (Chrono Boost), High Templar x3  
  159  13:59  Zealot, High Templar  
  159  14:00  Zealot x3  
  179  14:10  Robotics Facility, Carrier (Chrono Boost)  
  185  14:17  Nexus  
  185  14:18  Pylon  
  185  14:19  Probe x3  
  188  14:27  Warp Prism  
  188  14:29  Observer  
  188  14:30  Zealot  
  176  14:40  High Templar  
  176  14:41  Zealot x8, High Templar  
  196  14:46  Observer  
  196  14:52  Protoss Ground Armor Level 1 (Chrono Boost)  
  196  15:02  Observer  
  192  15:15  Carrier (Chrono Boost)  
  123  15:45  Carrier x2  
  123  15:46  Zealot x10, Observer  
  123  15:47  Zealot x2  
  123  15:48  Oracle  
  147  16:09  Zealot  
  147  16:10  Zealot x8  
  158  16:12  Oracle  
  153  16:24  Zealot  
  114  16:41  High Templar x3  
  114  16:42  High Templar x2  
  114  16:43  Zealot x3  
  130  16:52  Probe x2  
  130  16:53  Probe  
  133  17:08  Carrier (Chrono Boost)  
  133  17:14  Probe x3  
  142  17:31  Observer  
  142  17:32  Nexus  
  138  17:39  Zealot  
  140  17:47  High Templar x6  
  140  17:51  Pylon  
  137  18:10  Probe x4  
  141  18:18  Protoss Air Weapons Level 2 (Chrono Boost)  
  141  18:22  Probe x4  
  141  18:26  Assimilator  
  145  18:27  Assimilator  
  145  18:28  Assimilator  
  138  18:36  Zealot x8  
  138  18:37  Zealot  
  140  19:05  Archon  
  136  19:13  Carrier (Chrono Boost)  
  142  19:23  Nexus, Pylon  
  140  19:26  Zealot x5  
  148  19:39  Observer (Chrono Boost)  
  149  19:47  Zealot x3  
  149  19:52  Observer (Chrono Boost)  
  155  19:58  Void Ray (Chrono Boost)  
  152  20:00  Carrier (Chrono Boost)  
  158  20:28  Carrier (Chrono Boost)  
  162  20:47  High Templar x2  
  162  20:48  Zealot x4  
  174  20:51  Assimilator  
  174  20:52  Archon  
  174  21:09  Observer  
  152  21:23  Zealot x3  
  152  21:24  Zealot x4, Carrier (Chrono Boost)  
  159  21:26  Observer x2 (Chrono Boost)  
  159  21:36  Oracle (Chrono Boost)  
  159  21:39  Observer (Chrono Boost)  
  142  21:59  Observer  
  137  22:12  Zealot x6  
  149  22:17  Oracle  
  149  22:18  Probe  
  139  22:49  Stalker x3  
  109  22:56  Probe x3  
  100  23:02  Zealot x4  
  92  23:23  High Templar  
  92  23:24  Zealot x6  
  102  23:29  Archon  
  102  23:30  Archon  
  102  23:32  Observer  
  84  23:45  Zealot x6  
  73  24:02  High Templar  
  67  24:07  Zealot x4  
  65  24:10  Zealot  
Show
View Real Time Build Order
Export as new Build Order

JimRising Zerg - Winner!

Build Orders: Hatch First, Lurkers 

Get SALT Encoding   

  12  0:00  Drone  
  13  0:12  Overlord  
  13  0:16  Drone  
  14  0:30  Drone x2  
  16  0:49  Hatchery  
  15  0:52  Drone  
  15  0:54  Drone  
  17  0:58  Drone  
  18  1:07  Extractor  
  17  1:20  Drone, Spawning Pool  
  17  1:22  Drone  
  18  1:28  Drone  
  19  1:38  Drone  
  20  1:50  Drone  
  21  1:59  Overlord  
  21  2:05  Drone  
  21  2:06  Queen x2  
  26  2:11  Zergling x2  
  26  2:12  Zergling x2  
  28  2:16  Metabolic Boost  
  28  2:22  Drone  
  29  2:24  Drone  
  30  2:33  Drone x2  
  32  2:44  Hatchery  
  32  2:51  Drone x2  
  33  2:54  Overlord  
  33  2:59  Queen  
  33  3:04  Zergling x2  
  36  3:06  Overlord  
  36  3:14  Drone x2  
  36  3:17  Drone x2  
  40  3:24  Drone, Spore Crawler  
  40  3:29  Drone x2  
  40  3:30  Drone x2  
  44  3:37  Spore Crawler  
  44  3:38  Queen  
  46  3:41  Drone  
  46  3:46  Lair  
  46  4:01  Drone  
  46  4:03  Zergling x10  
  46  4:06  Drone  
  46  4:07  Drone x5  
  57  4:11  Drone  
  58  4:17  Overlord  
  58  4:19  Spore Crawler  
  58  4:21  Extractor  
  58  4:22  Extractor  
  56  4:24  Drone x4, Extractor  
  58  4:31  Overlord x2  
  56  4:40  Drone  
  56  4:41  Drone x4  
  58  4:47  Hydralisk Den  
  57  4:56  Overlord x2  
  57  5:06  Overlord  
  57  5:16  Overlord x2  
  50  5:29  Hydralisk  
  50  5:30  Overlord  
  50  5:31  Hydralisk  
  50  5:32  Hydralisk x6, Muscular Augments  
  66  5:36  Hydralisk  
  68  5:43  Hydralisk x2  
  68  5:46  Hydralisk  
  74  5:56  Hydralisk x2  
  73  6:05  Zergling x2  
  73  6:06  Zergling x10  
  79  6:12  Hydralisk  
  79  6:14  Zergling x2  
  82  6:18  Zergling x4  
  82  6:20  Zergling x2  
  82  6:25  Zergling x6  
  87  6:28  Zergling x4  
  87  6:32  Zergling x4  
  91  6:35  Zergling x2  
  91  6:36  Zergling x2  
  91  6:38  Zergling x2  
  91  6:39  Zergling x2  
  87  6:48  Zergling x4  
  87  6:50  Zergling x4  
  87  6:52  Zergling x6  
  91  7:00  Zergling x8  
  90  7:04  Zergling x4  
  90  7:07  Zergling x4  
  92  7:13  Zergling x4  
  89  7:18  Zergling x8  
  89  7:29  Zergling x2  
  87  7:32  Zergling x2  
  84  7:43  Zergling x14  
  82  7:49  Zergling x10  
  87  7:57  Zergling x6  
  86  8:05  Zergling x6  
  77  8:08  Hydralisk  
  77  8:09  Hydralisk x2  
  74  8:18  Hydralisk x2  
  72  8:21  Hydralisk x2  
  72  8:23  Drone x2  
  75  8:30  Drone x2  
  75  8:33  Drone x2  
  78  8:38  Lurker Den  
  77  8:41  Drone  
  77  8:47  Drone x2  
  80  8:52  Grooved Spines  
  80  8:53  Evolution Chamber  
  80  8:54  Drone x2  
  80  8:55  Drone  
  81  8:59  Overlord  
  81  9:00  Overseer  
  81  9:03  Hydralisk  
  81  9:06  Drone x2  
  85  9:11  Hydralisk  
  87  9:20  Zerg Missile Weapons Level 1  
  87  9:23  Hydralisk x2  
  87  9:24  Hydralisk  
  93  9:36  Lurker x7  
  100  9:41  Drone  
  100  9:42  Drone x3  
  100  9:44  Hydralisk x2  
  108  9:50  Hydralisk  
  111  9:52  Drone  
  111  9:53  Drone  
  111  9:59  Overlord  
  112  10:00  Hydralisk x2  
  112  10:03  Drone x3  
  112  10:04  Extractor  
  112  10:05  Lurker, Extractor  
  118  10:08  Overlord x2  
  118  10:18  Lurker  
  115  10:22  Overlord x2  
  115  10:24  Hatchery  
  115  10:28  Drone x3  
  117  10:35  Lurker x2  
  119  10:36  Zergling x10  
  119  10:42  Hydralisk x2  
  128  10:43  Zergling x2  
  128  10:44  Zergling x2  
  130  10:56  Drone  
  130  10:57  Infestation Pit  
  129  11:11  Hydralisk x7  
  128  11:16  Drone  
  143  11:19  Zerg Missile Weapons Level 2  
  143  11:24  Drone x3  
  143  11:25  Drone x7  
  152  11:40  Hive  
  152  11:45  Extractor  
  151  11:47  Drone x2  
  151  11:48  Drone x4  
  151  11:49  Extractor  
  151  11:53  Hydralisk x2  
  160  11:54  Overlord x2  
  160  11:59  Hydralisk x2  
  160  12:00  Overlord  
  164  12:07  Zergling x4  
  164  12:08  Zergling x2  
  167  12:10  Hydralisk x2  
  171  12:23  Drone x3  
  171  12:26  Spine Crawler  
  171  12:27  Drone x3  
  171  12:28  Spine Crawler, Spore Crawler  
  171  12:29  Spine Crawler  
  173  12:42  Hydralisk x8  
  173  12:54  Hydralisk x2  
  173  12:55  Hydralisk x3  
  173  12:58  Zergling x4  
  167  13:05  Drone  
  167  13:06  Drone x7  
  170  13:13  Drone x3  
  170  13:14  Drone x2  
  170  13:18  Lurker x3  
  170  13:19  Lurker  
  179  13:21  Lurker  
  179  13:26  Drone x2  
  167  13:50  Adaptive Talons  
  167  13:51  Viper x4  
  167  13:53  Drone x4  
  167  13:55  Drone x4  
  187  14:05  Hydralisk x4  
  187  14:08  Viper  
  198  14:22  Extractor  
  196  14:24  Hatchery  
  196  14:25  Extractor  
  190  14:31  Zerg Missile Weapons Level 3  
  190  14:38  Hydralisk  
  190  14:40  Overlord x2  
  190  14:41  Overseer x3  
  190  14:45  Overlord x2  
  192  14:47  Seismic Spines, Overseer x2  
  192  14:57  Queen  
  192  15:03  Hydralisk  
  192  15:05  Lurker x3  
  194  15:09  Zergling x8  
  195  15:20  Zergling x8  
  178  15:42  Hydralisk x5  
  160  15:43  Hydralisk x14  
  184  15:56  Zergling x4  
  182  15:58  Hydralisk x2  
  182  16:03  Queen x2  
  178  16:10  Hydralisk x3  
  178  16:11  Hydralisk  
  184  16:18  Hydralisk x4  
  186  16:21  Drone x2  
  186  16:22  Drone  
  195  16:28  Hydralisk  
  178  16:36  Hydralisk x4  
  140  16:40  Hydralisk x4  
  140  16:44  Hatchery  
  140  16:45  Hydralisk  
  141  16:48  Hydralisk x3  
  141  16:49  Hydralisk  
  145  16:56  Hydralisk  
  147  17:02  Lurker x6  
  147  17:03  Hydralisk  
  147  17:05  Drone x3  
  158  17:15  Hydralisk x3  
  158  17:16  Hydralisk  
  164  17:26  Lurker x2  
  164  17:28  Zergling x18  
  174  17:35  Overlord x3  
  174  17:50  Overlord x3  
  166  18:04  Overseer  
  166  18:05  Drone x2, Pneumatized Carapace  
  167  18:06  Drone x4  
  167  18:08  Hydralisk  
  167  18:09  Hydralisk x4  
  167  18:12  Zergling x14  
  187  18:35  Hydralisk x3  
  187  18:37  Hydralisk x3  
  187  18:41  Hatchery  
  198  18:43  Zergling x2  
  194  19:12  Viper x2  
  199  19:24  Spire  
  199  19:25  Zerg Melee Weapons Level 1  
  198  19:58  Overseer  
  195  20:04  Hatchery  
  195  20:05  Extractor  
  195  20:06  Lurker x2  
  195  20:07  Lurker  
  194  20:14  Hydralisk x2  
  188  20:31  Hydralisk, Hatchery  
  189  20:36  Extractor  
  188  20:49  Corruptor x6, Zerg Flyer Weapons Level 1  
  193  21:09  Corruptor x3  
  180  21:28  Corruptor x4  
  180  21:29  Corruptor x7  
  191  21:49  Viper  
  191  21:50  Hydralisk  
  191  21:51  Hydralisk x2  
  198  21:58  Corruptor x2  
  183  22:09  Hydralisk  
  183  22:10  Hydralisk x7  
  199  22:17  Spine Crawler  
  199  22:18  Spore Crawler  
  178  22:32  Corruptor x4  
  178  22:33  Hydralisk x3  
  178  22:34  Hydralisk x2  
  189  22:47  Hydralisk  
  189  22:48  Hydralisk x13  
  166  22:58  Hydralisk  
  166  22:59  Hydralisk x3  
  166  23:03  Zergling x6  
  169  23:07  Hydralisk x3  
  169  23:08  Queen x2  
  163  23:18  Hydralisk x3  
  163  23:19  Zergling x2  
  167  23:20  Zergling x4  
  164  23:28  Hydralisk x3  
  164  23:29  Hatchery  
  164  23:32  Extractor  
  164  23:33  Extractor  
  152  23:34  Zergling x6  
  152  23:35  Zergling x12  
  152  23:37  Hydralisk x2  
  154  23:43  Hydralisk x2  
  154  23:46  Hydralisk  
  145  23:52  Hydralisk  
  145  23:54  Hydralisk x3  
  144  24:00  Zergling x2  

Tags
 
Add a new tag
Caveats
  • Supply blocks, unpowered buildings, or Contaminate may cause inaccurate times.
  • Supply counts are checked every 10 seconds.